 Dungeon Sprint DCSS version 0.18-a0-33-g9e10395 (console) character file.

3238 Kellhus the Carver (level 9, -17/83 HPs)
             Began as a Demigod Fighter on Nov 5, 2015.
             Demolished by a catoblepas (23 damage)
             ... in the Dungeon (Sprint IX: "|||||||||||||||||||||||||||||").
             The game lasted 00:03:27 (1507 turns).

Kellhus the Carver (Demigod Fighter)                Turns: 1507, Time: 00:03:28

Health: -17/83     AC: 15    Str: 19    XL:     9   Next: 40%
Magic:  11/11      EV:  8    Int: 12    God:
Gold:   0          SH: 12    Dex: 24    Spells: 0 memorised, 8 levels left

rFire  . . .     SeeInvis .     a - +2 scimitar (flame)
rCold  . . .     Clarity  .     s - +1 chain mail
rNeg   . . .     SustAt   +     c - +0 shield
rPois  .         Gourm    .     (no helmet)
rElec  .         Spirit   .     o - +0 cloak
rCorr  .         Warding  .     p - +0 pair of gloves
rMut   .         NoTele   +     (no boots)
MR     .....                    (no amulet)
Stlth  ..........               r - +2 ring of evasion
                                q - +3 ring of dexterity

@: not resistant to hostile enchantments, extremely unstealthy
A: high mp 1, sustain attributes
a: no special abilities


You were in the Dungeon.
You were hungry.

You visited 1 branch

Inventory:

Hand Weapons
 a - a +2 scimitar of flaming (weapon)
 t - a +0 long sword
Armour
 b - a +0 scale mail
 c - a +0 shield (worn)
 o - a +0 cloak (worn)
 p - a +0 pair of gloves (worn)
 s - a +1 chain mail (worn)
Jewellery
 q - a +3 ring of dexterity (left hand)
 r - a +2 ring of evasion (right hand)
Wands
 n - a wand of cold (0)
Scrolls
 k - 2 scrolls of blinking
 l - 5 scrolls of remove curse
 m - 2 scrolls of amnesia
 u - a scroll of magic mapping
 v - 4 scrolls of enchant armour
 w - a scroll of fog
Potions
 d - a potion of might
 f - 5 potions of curing
 g - 10 potions of heal wounds
 h - a potion of haste
 i - 4 potions of magic
Comestibles
 e - a bread ration


   Skills:
 + Level 9.2 Fighting
 - Level 14.0 Long Blades
 + Level 9.1 Armour
 + Level 9.2 Shields


You had 8 spell levels left.
You didn't know any spells.

Dungeon Overview and Level Annotations

Branches:
Dungeon (1/1)


Innate Abilities, Weirdness & Mutations

You have an increased reservoir of magic (+10% MP).
Your attributes are resistant to harm.


Message History

You are engulfed in calcifying dust.
The catoblepas rams the ground with its head heavily.
The catoblepas breathes a plume of calcifying dust at you.
The blast of calcifying dust hits you!
You are engulfed in calcifying dust.
The catoblepas gores you but does no damage.
You are engulfed in calcifying dust.
The catoblepas breathes a plume of calcifying dust at you.
The blast of calcifying dust hits you!
You are engulfed in calcifying dust.
The catoblepas gores you!
The catoblepas stomps with a crash on the ground.
The catoblepas gores you!!
* * * LOW HITPOINT WARNING * * *
The catoblepas gores you!!
* * * LOW HITPOINT WARNING * * *
You turn to flesh and can move again.
You hit the catoblepas but do no damage.
The catoblepas is heavily wounded.
The catoblepas gores you!!
You die...

▓.▓.▓.▓
▓'▓.▓.▓
▓_▓.▓.▓
▓_▓.▓.▓
▓_▓.▓.▓
▓_▓.▓'▓
▓_▓.▓.▓
▓_▓.▓.▓
▓_▓.▓.▓
▓_▓.▓.▓
▓_▓.▓@▓
▓_▓.▓Y▓
▓_▓.▓Y▓
▓_▓.▓Y▓
▓_▓.▓Y▓
▓_▓.▓Y▓
▓_▓.▓Y▓
▓_▓.▓Y▓
▓_▓.▓.▓
▓_▓.▓Y▓
▓_▓.▓.▓


You could see 2 death yaks, 2 catoblepae and 3 yaks.

Vanquished Creatures
  A death yak (D)
  An unseen horror (D)
  An elephant (D)
  A trapdoor spider (D)
  A wyvern (D)
  A wraith (D)
  A basilisk (D)
  A hippogriff (D)
  A water moccasin (D)
  4 porcupines (D)
  5 crocodiles (D)
  A crimson imp (D)
  2 killer bees (D)
  2 hounds (D)
  2 iguanas (D)
  3 worker ants (D)
  A sheep (D)
  A river rat (D)
  An adder skeleton (D)
  2 orcs (D)
  A bat skeleton (D)
  A goblin (D)
  2 hobgoblins (D)
  A quokka (D)
  A bat (D)
  A giant cockroach (D)
  A giant newt (D)
41 creatures vanquished.

Notes
Turn   | Place    | Note
--------------------------------------------------------------
     0 | D        | Kellhus the Demigod Fighter began the quest for the Orb.
     0 | D        | Reached XP level 1. HP: 18/18 MP: 3/3
     9 | D        | Reached skill level 3 in Long Blades
    45 | D        | Noticed a worker ant
    45 | D        | Noticed a hound
    45 | D        | Noticed a crimson imp
    52 | D        | Killed a worker ant
    52 | D        | Reached skill level 5 in Long Blades
    52 | D        | Reached XP level 2. HP: 25/25 MP: 4/4
    78 | D        | Reached skill level 7 in Long Blades
    78 | D        | Reached XP level 3. HP: 6/30 MP: 5/5
    85 | D        | Reached skill level 8 in Long Blades
    85 | D        | Reached XP level 4. HP: 8/37 MP: 6/6
   326 | D        | Found a glowing silver altar of Zin.
   326 | D        | Found a glowing golden altar of the Shining One.
   326 | D        | Found an ancient bone altar of Kikubaaqudgha.
   326 | D        | Found a basalt altar of Yredelemnul.
   326 | D        | Found a shimmering altar of Xom.
   326 | D        | Found a radiant altar of Vehumet.
   327 | D        | Found an iron altar of Okawaru.
   328 | D        | Found a burning altar of Makhleb.
   329 | D        | Found a deep blue altar of Sif Muna.
   330 | D        | Found a bloodstained altar of Trog.
   331 | D        | Found a sparkling altar of Nemelex Xobeh.
   332 | D        | Found a white marble altar of Elyvilon.
   333 | D        | Found a roughly hewn altar of Beogh.
   334 | D        | Found a viscous altar of Jiyva.
   335 | D        | Found a corrupted altar of Lugonu.
   336 | D        | Found a blossoming altar of Fedhas.
   337 | D        | Found a snail-covered altar of Cheibriados.
   338 | D        | Found a shadowy altar of Dithmenos.
   339 | D        | Found a stormy altar of Qazlal.
   340 | D        | Found an opulent altar of Gozag.
   341 | D        | Found a sacrificial altar of Ru.
   432 | D        | Killed an unseen horror
   432 | D        | Reached skill level 13 in Long Blades
   432 | D        | Reached XP level 5. HP: 26/42 MP: 7/7
   432 | D        | Reached XP level 6. HP: 30/50 MP: 8/8
   437 | D        | Reached XP level 7. HP: 31/56 MP: 9/9
   440 | D        | Reached skill level 14 in Long Blades
   582 | D        | Noticed a wraith
   591 | D        | Killed a wraith
   616 | D        | Noticed a trapdoor spider
   620 | D        | Killed a trapdoor spider
   923 | D        | Reached skill level 5 in Fighting
   923 | D        | Reached skill level 5 in Armour
   923 | D        | Reached skill level 5 in Shields
   925 | D        | Reached XP level 8. HP: 67/69 MP: 10/10
  1147 | D        | Reached XP level 9. HP: 30/81 MP: 11/11
  1148 | D        | Noticed an elephant
  1392 | D        | Killed an elephant
  1436 | D        | Noticed a death yak
  1436 | D        | Noticed a catoblepas
  1436 | D        | Noticed a death yak
  1436 | D        | Noticed a catoblepas
  1436 | D        | Noticed a death yak
  1486 | D        | Killed a death yak
  1507 | D        | Demolished by a catoblepas

Vault maps used:
D:        linesprint

Action                   |  1- 3 |  4- 6 |  7- 9 || total
-------------------------+-------+-------+-------++-------
Melee: Long sword        |    50 |       |       ||    50
       Scimitar          |       |    23 |    99 ||   122
Evoke: Wand              |       |       |     7 ||     7
  Use: Potion            |     1 |     2 |     1 ||     4
 Stab: Invisible         |       |     2 |       ||     2
  Eat: Chunk             |       |       |     2 ||     2
